 Dungeon Sprint DCSS version 0.25.1-2-g60ff931df9 (webtiles) character file.

Game seed: 8766849222722550805

59 funkygono the Covered (level 3, -7/37 HPs)
             Began as a Minotaur Fighter on Sept 5, 2020.
             Splashed by an oklob sapling priest's acid (11 damage)
             ... in the Dungeon (Sprint IV: "Fedhas' Mad Dash").
             The game lasted 00:00:40 (636 turns).

funkygono the Covered (Minotaur Fighter)             Turns: 636, Time: 00:00:42

Health: -7/37      AC:  3    Str: 21    XL:     3   Next: 78%
Magic:  2/2        EV:  8    Int:  5    God:
Gold:   55         SH: 10    Dex:  9    Spells: 2/2 levels left

rFire    . . .     SeeInvis .   a - +0 flail
rCold    . . .     Gourm    .   c - +0 kite shield
rNeg     . . .     Faith    .   b - +0 scale mail
rPois    .         Spirit   .   (helmet restricted)
rElec    .         Reflect  .   (no cloak)
rCorr    .         Harm     .   (no gloves)
MR       .....     NoTele   +   (no boots)
Stlth    ..........             l - amulet of invisibility {+Inv}
HPRegen  0.12/turn              (no ring)
MPRegen  0.08/turn              (no ring)

@: corroded
A: retaliatory headbutt, horns 2
a: Evoke Invisibility


You were in the Dungeon.
You were not hungry.

You visited 1 branch You collected 55 gold pieces.

Inventory:

Hand Weapons
 a - a +0 flail (weapon)
Armour
 b - a +0 scale mail (worn)
 c - a +0 kite shield (worn)
Jewellery
 l - the amulet of invisibility (around neck) {+Inv}
   (You found it in the Dungeon)

   [amulet of nothing]

   It lets you turn invisible.
Scrolls
 k - a scroll of blinking
Potions
 d - a potion of might
 e - a potion of curing
 g - a potion of heal wounds
 h - a potion of haste
 i - 2 potions of magic
 j - a potion of berserk rage
Comestibles
 f - a ration


   Skills:
 + Level 5.7 Fighting
 + Level 4.0 Maces & Flails
 + Level 6.4 Armour
 + Level 0.2 Dodging
 + Level 0.2 Stealth
 + Level 5.7 Shields


You had 2 spell levels left.
You didn't know any spells.
Your spell library was empty.

Dungeon Overview and Level Annotations

Branches:
Dungeon (1/1)

Altars:
Cheibriados
Dithmenos
Elyvilon
Gozag
Hepliaklqana
Kikubaaqudgha
Makhleb
Nemelex Xobeh
Okawaru
Qazlal
Ru
Sif Muna
Trog
Uskayaw
Vehumet
Wu Jian
Xom
Yredelemnul
Zin
The Shining One
Beogh
Jiyva
Lugonu

Annotations:
D exclusion: oklob sapling


Innate Abilities, Weirdness & Mutations

You reflexively headbutt those who attack you in melee.
You have a pair of horns on your head.


Message History

There is an open door here.
Found three altars.
The oklob sapling priest calls down the wrath of its god upon you.
Something smites you!
Found two altars.
The oklob sapling priest looks satisfied for a moment.
Found three altars.
The oklob sapling priest mumbles some strange prayers to its god against you.
Something smites you!
Found a radiant altar of Vehumet and a corrupted altar of Lugonu.
There is a burning altar of Makhleb here.
There is a sparkling altar of Nemelex Xobeh here.
You hit the oklob sapling priest.
You headbutt the oklob sapling priest, but do no damage.
The oklob sapling priest is lightly damaged.
The oklob sapling priest spits acid at you.
The splash of acid hits you!
* * * LOW HITPOINT WARNING * * *
The acid corrodes you!
You are splashed with acid!
You die...

########################
....#.....#.⌠._._._._.⌠.
....'.#...'.._._._._._..
....#.#...#..._.@P_._...
########+##.._._._._._..
#._._._._._.⌠.
##############


You could see an oklob sapling priest.

Vanquished Creatures
  An oklob sapling (D)
  A worker ant (D)
  A river rat (D)
  A rat (D)
4 creatures vanquished.

Notes
Turn   | Place    | Note
-------+----------+-------------------------------------------
     0 | D        | funkygono the Minotaur Fighter began the quest for the Orb.
     0 | D        | Reached XP level 1. HP: 19/19 MP: 0/0
    14 | D        | Reached skill level 4 in Armour
    14 | D        | Reached XP level 2. HP: 2/28 MP: 1/1
   298 | D        | Noticed an oklob sapling
   302 | D        | Killed an oklob sapling
   302 | D        | Reached skill level 5 in Fighting
   302 | D        | Reached skill level 5 in Armour
   302 | D        | Reached skill level 5 in Shields
   302 | D        | Reached XP level 3. HP: 6/36 MP: 2/2
   551 | D        | Found the amulet of invisibility {+Inv}
   554 | D        | Reached skill level 6 in Armour
   628 | D        | Found an opulent altar of Gozag.
   628 | D        | Found a hazy altar of Hepliaklqana.
   628 | D        | Found a burning altar of Makhleb.
   628 | D        | Found a roughly hewn altar of Beogh.
   628 | D        | Found a sparkling altar of Nemelex Xobeh.
   628 | D        | Found a snail-covered altar of Cheibriados.
   628 | D        | Found a sacrificial altar of Ru.
   628 | D        | Found a shimmering blue altar of Sif Muna.
   628 | D        | Found a shimmering altar of Xom.
   628 | D        | Found a basalt altar of Yredelemnul.
   629 | D        | Found a viscous altar of Jiyva.
   629 | D        | Found a bloodstained altar of Trog.
   629 | D        | Found an ornate altar of the Wu Jian Council.
   629 | D        | Noticed an oklob sapling priest
   630 | D        | Found an iron altar of Okawaru.
   630 | D        | Found a shadowy altar of Dithmenos.
   630 | D        | Found a glowing silver altar of Zin.
   631 | D        | Found a hide-covered altar of Uskayaw.
   631 | D        | Found an ancient bone altar of Kikubaaqudgha.
   632 | D        | Found a stormy altar of Qazlal.
   632 | D        | Found a glowing golden altar of the Shining One.
   632 | D        | Found a white marble altar of Elyvilon.
   633 | D        | Found a radiant altar of Vehumet.
   633 | D        | Found a corrupted altar of Lugonu.
   636 | D        | Splashed by an oklob sapling priest's acid

Illustrated notes

Levels and vault maps discovered:
D:        dungeon_sprint_fedhas [sprint_temple]

Skill      XL: |  1  2  3 |
---------------+----------+-----
Fighting       | 4 5 |  5.7
Maces & Flails | 3 4 |  4.0
Armour         | 4 5 6 |  6.4
Shields        | 4 5 |  5.7
Dodging        | |  0.2
Stealth        | |  0.2

Action                   || total
-------------------------++-------
Melee: Flail             ||    14
       Headbutt          ||     3
  Use: Scroll            ||     1
Armor: Scale mail        ||     1
Dodge: Dodged            ||     2
Block: Kite shield       ||     6
